TOP OF THE 1ST |
Brooklyn Cyclones batting - Pitching for Batavia Muckdogs : RHP Ryan Weedon
|
Pitching: RHP Ryan Weedon
|
|
Batting: RHB Jack Nickleberry
|
0-0: Ball 1-0: Called Strike 1-1: Ball 2-1: Foul Ball, location: 2F 2-2: Foul Ball, location: 2F 2-2: Ball 3-2: Foul Ball, location: 2F 3-2: Ground out 5-3 (Groundball, 56, EV 80.6 MPH)
|
Batting: SHB Ryan Brown
|
0-0: Ball 1-0: Foul Ball, location: 2F 1-1: Foul Ball, location: 2F 1-2: Ball 2-2: Foul Ball, location: 2F 2-2: Foul Ball, location: 2F 2-2: Strikes out swinging
|
Batting: RHB Jayden Copeland
|
0-0: Swinging Strike 0-1: Ball 1-1: Foul Ball, location: 2F 1-2: Foul Ball, location: 2F 1-2: Ball 2-2: Foul Ball, location: 2F 2-2: Ball 3-2: Base on Balls
|
Batting: RHB Frank Shaw
|
0-0: Called Strike 0-1: Ball 1-1: Ball 2-1: Swinging Strike 2-2: Strikes out swinging
|
Top of the 1st over - 0 runs, 0 hits, 0 errors, 1 left on base; Brooklyn 0 - Batavia 0 |
BOTTOM OF THE 1ST |
Batavia Muckdogs batting - Pitching for Brooklyn Cyclones : RHP Pat Sprague
|
Pitching: RHP Pat Sprague
|
|
Batting: RHB Jeremy Dennis
|
0-0: Called Strike 0-1: Foul Ball, location: 2F 0-2: Ball 1-2: Hit by Pitch
|
Batting: RHB Calvin Morin
|
0-0: Ball Jeremy Dennis steals 2nd base (no throw) 1-0: Called Strike 1-1: Swinging Strike 1-2: Ball 2-2: Ball 3-2: Strikes out swinging
|
Batting: RHB Reomel Somera
|
0-0: Ball 1-0: Called Strike 1-1: Called Strike 1-2: SINGLE (Line Drive, 7S, EV 101.9 MPH) Jeremy Dennis to third
|
Batting: RHB Justin Dunham
|
0-0: SINGLE (Groundball, 6M, EV 104.4 MPH) Jeremy Dennis scores Reomel Somera to second Runner from 2nd tries for 3rd, SAFE after rundown.
|
Batting: RHB George Boivin
|
0-0: Foul Ball, location: 2F 0-1: Fly out, F7 (Flyball, 7, EV 90.6 MPH)
|
Batting: RHB Jim Fisher
|
0-0: Ball 1-0: Foul Ball, location: 2F 1-1: Called Strike 1-2: Foul Ball, location: 2F 1-2: Strikes out looking
|
Bottom of the 1st over - 1 run, 2 hits, 0 errors, 2 left on base; Brooklyn 0 - Batavia 1 |
TOP OF THE 2ND |
Brooklyn Cyclones batting - Pitching for Batavia Muckdogs : RHP Ryan Weedon
|
Batting: RHB Victor Reyes
|
0-0: Ball 1-0: Ball 2-0: Foul Ball, location: 2F 2-1: Ground out 5-3 (Groundball, 56, EV 96.2 MPH)
|
Batting: RHB Matt Tittle
|
0-0: Ground out 6-3 (Groundball, 6, EV 83.1 MPH)
|
Batting: RHB Tom Primmer
|
0-0: Ball 1-0: Ball 2-0: Ball 3-0: Base on Balls
|
Batting: RHB Roberto Delgado
|
0-0: Ball 1-0: Ball 2-0: Called Strike 2-1: Ball 3-1: Called Strike 3-2: Strikes out swinging
|
Top of the 2nd over - 0 runs, 0 hits, 0 errors, 1 left on base; Brooklyn 0 - Batavia 1 |
BOTTOM OF THE 2ND |
Batavia Muckdogs batting - Pitching for Brooklyn Cyclones : RHP Pat Sprague
|
Batting: LHB Danny Treto
|
0-0: Fly out, F7 (Line Drive, 7S, EV 93.8 MPH)
|
Batting: RHB Jason Thrash
|
0-0: Fly out, F8 (Flyball, 8LM, EV 78.8 MPH)
|
Batting: RHB Junro Kato
|
0-0: Ball 1-0: Foul Ball, location: 2F 1-1: Ball 2-1: Ball 3-1: Swinging Strike 3-2: Base on Balls
|
Batting: RHB Jeremy Dennis
|
0-0: Called Strike 0-1: SINGLE (Line Drive, 4MD, EV 109.4 MPH) Junro Kato to second
|
Batting: RHB Calvin Morin
|
0-0: Fielders Choice at 2nd, 6-4 (Groundball, 6, EV 81.9 MPH)
|
Bottom of the 2nd over - 0 runs, 1 hit, 0 errors, 2 left on base; Brooklyn 0 - Batavia 1 |
TOP OF THE 3RD |
Brooklyn Cyclones batting - Pitching for Batavia Muckdogs : RHP Ryan Weedon
|
Batting: SHB Duri Chilemba
|
0-0: Ball 1-0: Ball 2-0: Foul Ball, location: 2F 2-1: Foul Ball, location: 2F 2-2: Fly out, F6 (Line Drive, 6, EV 71.2 MPH)
|
Batting: RHB Jack Nickleberry
|
0-0: Ball 1-0: Called Strike 1-1: Ball 2-1: Foul Ball, location: 2F 2-2: Foul Ball, location: 2F 2-2: DOUBLE (Line Drive, 8RXD, EV 110.6 MPH)
|
Batting: SHB Ryan Brown
|
0-0: Ball 1-0: Ball 2-0: Ball Wild Pitch! Jack Nickleberry to third 3-0: Called Strike 3-1: Foul Ball, location: 2F 3-2: Strikes out looking
|
Batting: RHB Jayden Copeland
|
0-0: Ground out 5-3 (Groundball, 56, EV 93.8 MPH)
|
Top of the 3rd over - 0 runs, 1 hit, 0 errors, 1 left on base; Brooklyn 0 - Batavia 1 |
BOTTOM OF THE 3RD |
Batavia Muckdogs batting - Pitching for Brooklyn Cyclones : RHP Pat Sprague
|
Batting: RHB Reomel Somera
|
0-0: Ball 1-0: Ball 2-0: Ball 3-0: Called Strike 3-1: Ground out 6-3 (Groundball, 6, EV 93.1 MPH)
|
Batting: RHB Justin Dunham
|
0-0: Ball 1-0: Ground out 4-3 (Groundball, 4, EV 89.4 MPH)
|
Batting: RHB George Boivin
|
0-0: Ball 1-0: Called Strike 1-1: Ball 2-1: Fly out, F8 (Flyball, 8RM, EV 83.1 MPH)
|
Bottom of the 3rd over - 0 runs, 0 hits, 0 errors, 0 left on base; Brooklyn 0 - Batavia 1 |
TOP OF THE 4TH |
Brooklyn Cyclones batting - Pitching for Batavia Muckdogs : RHP Ryan Weedon
|
Batting: RHB Frank Shaw
|
0-0: Ball 1-0: Ball 2-0: Swinging Strike 2-1: SINGLE (Groundball, 6MD, EV 98.8 MPH)
|
Batting: RHB Victor Reyes
|
0-0: SINGLE (Groundball, 34D, EV 100.0 MPH) Frank Shaw to second Runner from 2nd tries for 3rd, OUT! 9-5 Victor Reyes to second
|
Batting: RHB Matt Tittle
|
0-0: Called Strike 0-1: Foul Ball, location: 2F 0-2: Foul Ball, location: 2F 0-2: Ball 1-2: Foul Ball, location: 2F 1-2: Foul Ball, location: 2F 1-2: Ball 2-2: Ball 3-2: Base on Balls
|
Batting: RHB Tom Primmer
|
0-0: Foul Ball, location: 2F 0-1: Called Strike 0-2: Strikes out swinging
|
Batting: RHB Roberto Delgado
|
0-0: Called Strike 0-1: Foul Ball, location: 2F 0-2: Ball 1-2: Ball 2-2: Fly out, F8 (Flyball, 8LM, EV 91.9 MPH)
|
Top of the 4th over - 0 runs, 2 hits, 0 errors, 2 left on base; Brooklyn 0 - Batavia 1 |
BOTTOM OF THE 4TH |
Batavia Muckdogs batting - Pitching for Brooklyn Cyclones : RHP Pat Sprague
|
Batting: RHB Jim Fisher
|
0-0: Ball 1-0: Called Strike 1-1: Foul Ball, location: 2F 1-2: DOUBLE (Groundball, 3L, EV 101.9 MPH)
|
Batting: LHB Danny Treto
|
0-0: Foul Ball, location: 2F 0-1: Ball 1-1: Ball 2-1: Foul Ball, location: 2F 2-2: Strikes out looking
|
Batting: RHB Jason Thrash
|
0-0: Ball 1-0: Foul Ball, location: 2F 1-1: Foul Ball, location: 2F 1-2: Ball 2-2: Foul Ball, location: 2F 2-2: Ball 3-2: Foul Ball, location: 2F 3-2: Ground out U3 (Groundball, 34, EV 84.4 MPH) Jim Fisher to third
|
Batting: RHB Junro Kato
|
0-0: Ball 1-0: Ground out 4-3 (Groundball, 4, EV 83.8 MPH)
|
Bottom of the 4th over - 0 runs, 1 hit, 0 errors, 1 left on base; Brooklyn 0 - Batavia 1 |
TOP OF THE 5TH |
Brooklyn Cyclones batting - Pitching for Batavia Muckdogs : RHP Ryan Weedon
|
Batting: SHB Duri Chilemba
|
0-0: SINGLE (Groundball, 6D, EV 95.0 MPH)
|
Batting: RHB Jack Nickleberry
|
0-0: Ball 1-0: Foul Ball, location: 2F 1-1: Ball 2-1: SINGLE (Line Drive, 8LS, EV 103.8 MPH) Duri Chilemba to second
|
Batting: SHB Ryan Brown
|
0-0: Swinging Strike 0-1: Ball 1-1: Ball 2-1: Foul Ball, location: 2F 2-2: Strikes out swinging
|
Pitching: RHP Tim Sherrill
|
|
Batting: RHB Jayden Copeland
|
0-0: Swinging Strike 0-1: Foul Ball, location: 2F 0-2: Ball 1-2: Strikes out looking
|
Batting: RHB Frank Shaw
|
0-0: Swinging Strike 0-1: Swinging Strike 0-2: Foul Ball, location: 2F 0-2: Ball 1-2: Strikes out swinging
|
Top of the 5th over - 0 runs, 2 hits, 0 errors, 2 left on base; Brooklyn 0 - Batavia 1 |
BOTTOM OF THE 5TH |
Batavia Muckdogs batting - Pitching for Brooklyn Cyclones : RHP Pat Sprague
|
Batting: RHB Jeremy Dennis
|
0-0: Ball 1-0: Ball 2-0: Foul Ball, location: 2F 2-1: Called Strike 2-2: Ball 3-2: Base on Balls
|
Batting: RHB Calvin Morin
|
0-0: Ball Jeremy Dennis steals 2nd, throwing error, E2 Jeremy Dennis to third 1-0: Ball 2-0: Called Strike 2-1: Foul Ball, location: 2F 2-2: SINGLE (Groundball, 6, EV 101.2 MPH) Jeremy Dennis scores
|
Batting: RHB Reomel Somera
|
0-0: Called Strike 0-1: Ball 1-1: Ball 2-1: Swinging Strike 2-2: Hit by Pitch Calvin Morin to second
|
Batting: RHB Justin Dunham
|
0-0: SINGLE (Groundball, 6MD, EV 106.2 MPH) Calvin Morin to third Reomel Somera to second Runner from 3rd tries for Home, throw by CF and OUT! 8-2
|
Batting: RHB George Boivin
|
0-0: Foul Ball, location: 2F 0-1: Foul Ball, location: 2F 0-2: Strikes out looking
|
Batting: RHB Jim Fisher
|
0-0: DOUBLE (Line Drive, 9LS, EV 94.4 MPH) Reomel Somera scores Justin Dunham to third Runner from 3rd tries for Home, SAFE, throw by RF to home
|
Batting: LHB Danny Treto
|
0-0: Ball 1-0: Fly out, F9 (Flyball, 9, EV 85.6 MPH)
|
Bottom of the 5th over - 3 runs, 3 hits, 1 error, 1 left on base; Brooklyn 0 - Batavia 4 |
TOP OF THE 6TH |
Brooklyn Cyclones batting - Pitching for Batavia Muckdogs : RHP Tim Sherrill
|
Batting: RHB Victor Reyes
|
0-0: Ball 1-0: Called Strike 1-1: Foul Ball, location: 2F 1-2: Strikes out looking
|
Batting: RHB Matt Tittle
|
0-0: Ball 1-0: Ball 2-0: Called Strike 2-1: Ground out 6-3 (Groundball, 6, EV 103.1 MPH)
|
Batting: RHB Tom Primmer
|
0-0: Called Strike 0-1: Foul Ball, location: 2F 0-2: Ball 1-2: Ball 2-2: Foul Ball, location: 2F 2-2: Foul Ball, location: 2F 2-2: Reached on error, E1 (Groundball, 13S, EV 66.2 MPH)
|
Batting: RHB Roberto Delgado
|
0-0: Ball 1-0: Foul Ball, location: 2F 1-1: Swinging Strike 1-2: Ball 2-2: Foul Ball, location: 2F 2-2: Strikes out swinging
|
Top of the 6th over - 0 runs, 0 hits, 1 error, 1 left on base; Brooklyn 0 - Batavia 4 |
BOTTOM OF THE 6TH |
Batavia Muckdogs batting - Pitching for Brooklyn Cyclones : RHP Pat Sprague
|
Batting: RHB Jason Thrash
|
0-0: Ball 1-0: DOUBLE (Groundball, 5L, EV 100.0 MPH)
|
Batting: RHB Junro Kato
|
0-0: Ground out 6-3 (Groundball, 6, EV 84.4 MPH)
|
Batting: RHB Jeremy Dennis
|
0-0: Ball 1-0: Ball 2-0: Called Strike 2-1: Ball 3-1: Called Strike 3-2: Base on Balls
|
Batting: RHB Calvin Morin
|
0-0: Ball 1-0: Fielders Choice at 2nd, 4-6 (Groundball, 4, EV 80.0 MPH) Jason Thrash to third
|
Batting: RHB Reomel Somera
|
0-0: Foul Ball, location: 2F 0-1: Swinging Strike 0-2: Foul Ball, location: 2F 0-2: Strikes out swinging
|
Bottom of the 6th over - 0 runs, 1 hit, 0 errors, 2 left on base; Brooklyn 0 - Batavia 4 |
TOP OF THE 7TH |
Brooklyn Cyclones batting - Pitching for Batavia Muckdogs : RHP Tim Sherrill
|
Batting: SHB Duri Chilemba
|
0-0: Ball 1-0: Called Strike 1-1: Called Strike 1-2: Foul Ball, location: 2F 1-2: Foul Ball, location: 2F 1-2: Strikes out swinging
|
Batting: RHB Jack Nickleberry
|
0-0: Foul Ball, location: 2F 0-1: Swinging Strike 0-2: Ball 1-2: Strikes out swinging
|
Batting: SHB Ryan Brown
|
0-0: Ball 1-0: Reached on error, E2 (Groundball, 2R, EV 69.4 MPH)
|
Batting: RHB Jayden Copeland
|
0-0: Ball 1-0: Ball 2-0: Called Strike 2-1: Ball Wild Pitch! Ryan Brown to third 3-1: Base on Balls
|
Batting: RHB Frank Shaw
|
0-0: Foul Ball, location: 2F 0-1: Ball 1-1: Ball 2-1: Ground out 4-3 (Groundball, 4, EV 90.0 MPH)
|
Top of the 7th over - 0 runs, 0 hits, 1 error, 2 left on base; Brooklyn 0 - Batavia 4 |
BOTTOM OF THE 7TH |
Batavia Muckdogs batting - Pitching for Brooklyn Cyclones : RHP Pat Sprague
|
Pitching: RHP Jean-Pierre Carpentier
|
|
Batting: RHB Justin Dunham
|
0-0: Ball 1-0: Ground out 6-3 (Groundball, 6, EV 81.2 MPH)
|
Batting: RHB George Boivin
|
0-0: Ball 1-0: Called Strike 1-1: Ball 2-1: Called Strike 2-2: Foul Ball, location: 2F 2-2: Strikes out swinging
|
Batting: RHB Jim Fisher
|
0-0: Ball 1-0: Called Strike 1-1: Ball 2-1: Ball 3-1: Swinging Strike 3-2: Foul Ball, location: 2F 3-2: Foul Ball, location: 2F 3-2: Strikes out swinging
|
Bottom of the 7th over - 0 runs, 0 hits, 0 errors, 0 left on base; Brooklyn 0 - Batavia 4 |
TOP OF THE 8TH |
Brooklyn Cyclones batting - Pitching for Batavia Muckdogs : RHP Tim Sherrill
|
Batting: RHB Victor Reyes
|
0-0: Ground out 5-3 (Groundball, 56S, EV 79.4 MPH)
|
Batting: RHB Matt Tittle
|
0-0: Ball 1-0: Foul Ball, location: 2F 1-1: Called Strike 1-2: Foul Ball, location: 2F 1-2: Foul Ball, location: 2F 1-2: Ball 2-2: Foul Ball, location: 2F 2-2: Foul Ball, location: 2F 2-2: Strikes out swinging
|
Pitching: LHP Brian Worthy
|
|
Batting: RHB Tom Primmer
|
0-0: Called Strike 0-1: Foul Ball, location: 2F 0-2: Strikes out looking
|
Top of the 8th over - 0 runs, 0 hits, 0 errors, 0 left on base; Brooklyn 0 - Batavia 4 |
BOTTOM OF THE 8TH |
Batavia Muckdogs batting - Pitching for Brooklyn Cyclones : RHP Jean-Pierre Carpentier
|
Batting: LHB Danny Treto
|
0-0: Ball 1-0: SINGLE (Groundball, 4MD, EV 106.9 MPH)
|
Batting: RHB Jason Thrash
|
0-0: Ball Danny Treto steals 2nd base 1-0: Foul Ball, location: 2F 1-1: SINGLE (Line Drive, 3D, EV 101.9 MPH) Danny Treto to third
|
Batting: RHB Junro Kato
|
0-0: Called Strike 0-1: Foul Ball, location: 2F 0-2: Ball 1-2: Ground out 5-3 (Groundball, 56S, EV 71.9 MPH) Danny Treto scores Jason Thrash to second
|
Batting: RHB Jeremy Dennis
|
0-0: Ball 1-0: Ball 2-0: Ball 3-0: Called Strike 3-1: Called Strike 3-2: Foul Ball, location: 2F 3-2: Base on Balls
|
Pitching: LHP Matt Allert
|
|
Batting: RHB Calvin Morin
|
0-0: Called Strike 0-1: Fly out, F4 (Popup, 34S, EV 81.2 MPH)
|
Batting: RHB Reomel Somera
|
0-0: Ball 1-0: Foul Ball, location: 2F 1-1: Ball Passed Ball! Jason Thrash to third Jeremy Dennis to second 2-1: Foul Ball, location: 2F 2-2: Strikes out swinging
|
Bottom of the 8th over - 1 run, 2 hits, 0 errors, 2 left on base; Brooklyn 0 - Batavia 5 |
TOP OF THE 9TH |
Brooklyn Cyclones batting - Pitching for Batavia Muckdogs : LHP Brian Worthy
|
Batting: RHB Roberto Delgado
|
0-0: Foul Ball, location: 2F 0-1: Ball 1-1: Ball 2-1: Ball 3-1: Foul Ball, location: 2F 3-2: Ground out 4-3 (Groundball, 4, EV 87.5 MPH)
|
Batting: SHB Duri Chilemba
|
0-0: Called Strike 0-1: Ball 1-1: Foul Ball, location: 2F 1-2: Ball 2-2: Strikes out swinging
|
Batting: RHB Jack Nickleberry
|
0-0: Foul Ball, location: 2F 0-1: Called Strike 0-2: Ground out 3-1 (Groundball, 34, EV 88.8 MPH)
|
Top of the 9th over - 0 runs, 0 hits, 0 errors, 0 left on base; Brooklyn 0 - Batavia 5 |
|